 Dungeon Crawl Stone Soup version 0.21.1-1-g345015f (webtiles) character file.

186 theblackcape the Fighter (level 5, -1/54 HPs)
             Began as a Gnoll Wanderer on June 18, 2018.
             Splashed by a gnoll's acid (14 damage)
             ... on level 3 of the Dungeon.
             The game lasted 00:04:38 (1850 turns).

theblackcape the Fighter (Gnoll Wanderer)           Turns: 1850, Time: 00:04:39

Health: -1/54      AC:  0    Str: 14    XL:     5   Next: 65%
Magic:  7/7        EV: 12    Int: 14    God:
Gold:   75         SH:  0    Dex: 16    Spells: 7/7 levels left

rFire    . . .     SeeInvis .   a - +2 hand axe
rCold    . . .     Gourm    .   (no shield)
rNeg     . . .     Faith    .   e - +0 robe
rPois    .         Spirit   .   g - +0 helmet
rElec    .         Reflect  .   (no cloak)
rCorr    .         Harm     .   (no gloves)
MR       .....                  v - +0 pair of boots
Stlth    ++........             (no amulet)
HPRegen  0.18/turn              (no ring)
MPRegen  0.10/turn              (no ring)

@: corroded
A: distributed training, fangs 1, strong nose
a: no special abilities


You were on level 3 of the Dungeon.
You were not hungry.

You visited 1 branch of the dungeon, and saw 3 of its levels.

You collected 75 gold pieces.

Inventory:

Hand Weapons
 a - a +2 hand axe (weapon)
 b - a +0 shortbow
Missiles
 c - 43 arrows
Armour
 e - a +0 robe (worn)
 g - a +0 helmet (worn)
 v - a +0 pair of boots (worn)
Wands
 k - a wand of random effects (16)
Scrolls
 h - a scroll of fear {unknown}
 i - 4 scrolls of identify {unknown}
 j - a scroll of teleportation {unknown}
 l - a scroll of fog {unknown}
 o - a scroll of random uselessness {unknown}
 q - a scroll of noise {unknown}
Potions
 d - 2 potions of curing
 m - 2 potions of magic {unknown}
 n - a potion of invisibility {unknown}
 p - a potion of resistance {unknown}
 s - a potion of ambrosia {unknown}
 u - a potion of heal wounds
Comestibles
 f - 5 rations
 t - a chunk of flesh


   Skills:
 + Level 10.4 Fighting
 + Level 1.5 Short Blades
 + Level 1.5 Long Blades
 + Level 3.0 Axes
 + Level 1.5 Maces & Flails
 + Level 1.5 Polearms
 + Level 1.5 Staves
 + Level 1.5 Slings
 + Level 1.5 Bows
 + Level 1.5 Crossbows
 + Level 1.5 Throwing
 + Level 4.8 Armour
 + Level 1.5 Dodging
 + Level 2.8 Stealth
 + Level 1.5 Shields
 + Level 1.5 Unarmed Combat
 + Level 1.5 Spellcasting
 + Level 1.2 Conjurations
 + Level 1.2 Hexes
 + Level 1.2 Charms
 + Level 1.2 Summonings
 + Level 1.2 Necromancy
 + Level 1.2 Translocations
 + Level 1.2 Transmutations
 + Level 1.2 Fire Magic
 + Level 1.2 Ice Magic
 + Level 1.2 Air Magic
 + Level 1.2 Earth Magic
 + Level 1.2 Poison Magic
 + Level 1.7 Invocations
 + Level 3.0 Evocations


You had 7 spell levels left.
You didn't know any spells.

Dungeon Overview and Level Annotations

Branches:
Dungeon (3/15)

Altars:
Ashenzari
Qazlal


Innate Abilities, Weirdness & Mutations

Your experience applies equally to all skills.
You have very sharp teeth.
Your uncanny sense of smell can sniff out nearby items.


Message History

Aim: a gnoll, wielding a flail You throw a javelin.
The javelin hits the gnoll!
The gnoll is almost dead.
A gnoll comes into view. It is wielding a flail.
The gnoll misses you.
A gnoll comes into view.
The gnoll shouts!
You hit the gnoll.
You kill the gnoll!
The gnoll zaps a wand.
The bolt of acid hits you!
You are splashed with acid!
The acid burns!
It is a wand of acid (9).
You are too injured to fight recklessly!
Throwing (i - inventory):
r - a javelin (quivered)
Press: ? - help, Shift-Dir - straight line, f - gnoll
Aim: a gnoll, wielding a flail and carrying a wand of acid (9)
You throw a javelin. The javelin closely misses the gnoll.
The gnoll zaps a wand.
The bolt of acid hits you!
* * * LOW HITPOINT WARNING * * *
The acid corrodes you!
You are splashed with acid!
The acid burns!
You die...

.###### #.#....
#........#########.#####
.(.................#
..g....>...#########
.(..........##
..g.......รท..########
......((.......#......
.......()..............
..........@.............
....................#####
....................#
...............?....#
....................#
....................#
....................#
..<................##
#......%..........##


You could see 2 gnolls.

Vanquished Creatures
  A crimson imp (D:2)
  Jessica (D:2)
  A gnoll (D:3)
  6 adders
  A worm (D:2)
  A dart slug (D:2)
  2 orcs
  5 giant cockroaches
  8 goblins
  5 hobgoblins
  4 jackals (D:1)
  2 kobolds (D:1)
  2 quokkas
  2 ball pythons (D:1)
  5 bats
  2 frilled lizards
  7 rats
55 creatures vanquished.

Notes
Turn   | Place    | Note
-------+----------+-------------------------------------------
     0 | D:1      | Reached skill level 10 in Fighting
     0 | D:1      | theblackcape the Gnoll Wanderer began the quest for the Orb.
     0 | D:1      | theblackcape set off with: a +2 hand axe, a +0 shortbow, 25 arrows, a potion of curing, a +0 robe, a ration
     0 | D:1      | Reached XP level 1. HP: 28/28 MP: 2/2
   117 | D:1      | Reached XP level 2. HP: 28/36 MP: 3/3
   845 | D:2      | Noticed Jessica
   850 | D:2      | Killed Jessica
   850 | D:2      | Reached skill level 1 in Invocations
   850 | D:2      | Reached XP level 3. HP: 40/42 MP: 4/4
   874 | D:2      | Reached skill level 1 in Short Blades
   874 | D:2      | Reached skill level 1 in Long Blades
   874 | D:2      | Reached skill level 1 in Maces & Flails
   874 | D:2      | Reached skill level 1 in Polearms
   874 | D:2      | Reached skill level 1 in Staves
   874 | D:2      | Reached skill level 1 in Slings
   874 | D:2      | Reached skill level 1 in Bows
   874 | D:2      | Reached skill level 1 in Crossbows
   874 | D:2      | Reached skill level 1 in Throwing
   874 | D:2      | Reached skill level 1 in Dodging
   874 | D:2      | Reached skill level 1 in Shields
   874 | D:2      | Reached skill level 1 in Unarmed Combat
   874 | D:2      | Reached skill level 1 in Spellcasting
   874 | D:2      | Reached XP level 4. HP: 32/48 MP: 4/6
  1133 | D:2      | Found a stormy altar of Qazlal.
  1144 | D:2      | Found a shattered altar of Ashenzari.
  1199 | D:2      | Reached skill level 1 in Conjurations
  1199 | D:2      | Reached skill level 1 in Hexes
  1199 | D:2      | Reached skill level 1 in Charms
  1199 | D:2      | Reached skill level 1 in Summonings
  1199 | D:2      | Reached skill level 1 in Necromancy
  1199 | D:2      | Reached skill level 1 in Translocations
  1199 | D:2      | Reached skill level 1 in Transmutations
  1199 | D:2      | Reached skill level 1 in Fire Magic
  1199 | D:2      | Reached skill level 1 in Ice Magic
  1199 | D:2      | Reached skill level 1 in Air Magic
  1199 | D:2      | Reached skill level 1 in Earth Magic
  1199 | D:2      | Reached skill level 1 in Poison Magic
  1203 | D:2      | Reached XP level 5. HP: 36/54 MP: 7/7
  1445 | D:2      | You fall through a shaft!
  1850 | D:3      | Splashed by a gnoll's acid

Skill      XL: |  1  2  3  4  5 |
---------------+----------------+-----
Fighting       | | 10.4
Invocations    | 1 |  1.7
Short Blades   | 1 |  1.5
Long Blades    | 1 |  1.5
Maces & Flails | 1 |  1.5
Polearms       | 1 |  1.5
Staves         | 1 |  1.5
Slings         | 1 |  1.5
Bows           | 1 |  1.5
Crossbows      | 1 |  1.5
Throwing       | 1 |  1.5
Dodging        | 1 |  1.5
Shields        | 1 |  1.5
Unarmed Combat | 1 |  1.5
Spellcasting   | 1 |  1.5
Conjurations   | 1 |  1.2
Hexes          | 1 |  1.2
Charms         | 1 |  1.2
Summonings     | 1 |  1.2
Necromancy     | 1 |  1.2
Translocations | 1 |  1.2
Transmutations | 1 |  1.2
Fire Magic     | 1 |  1.2
Ice Magic      | 1 |  1.2
Air Magic      | 1 |  1.2
Earth Magic    | 1 |  1.2
Poison Magic   | 1 |  1.2
Axes           | 3 |  3.0
Evocations     | 3 |  3.0
Armour         | |  4.8
Stealth        | |  2.8

Action                   |  1- 3 |  4- 6 || total
-------------------------+-------+-------++-------
Melee: Hand axe          |    52 |    75 ||   127
       Bite              |     2 |     8 ||    10
Throw: Javelin           |       |    20 ||    20
 Stab: Sleeping          |     4 |     1 ||     5
  Eat: Chunk             |       |     3 ||     3
Armor: Robe              |    14 |    21 ||    35
Dodge: Dodged            |    38 |    53 ||    91
